 Dungeon Crawl Stone Soup version 0.27.1-33-g824d729ab1 (webtiles) character file.

Game seed: 16450160331483511268

1031 tanglemaster the Insei (level 8, 0/52 HPs)
             Began as an Octopode Transmuter on Dec 23, 2021.
             Slain by Menkaure (9 damage)
             ... on level 5 of the Dungeon.
             The game lasted 00:11:00 (7321 turns).

tanglemaster the Insei (Octopode Transmuter)        Turns: 7321, Time: 00:11:01

Health: 0/52       AC:  2    Str: 10    XL:     8   Next: 23%
Magic:  9/12       EV: 22    Int: 16    God:
Gold:   163        SH:  5    Dex: 16    Spells: 6/13 levels left

rFire    . . .     SeeInvis .     - Unarmed
rCold    . . .     Faith    .   (shield currently unavailable)
rNeg     . . .     Spirit   .   (helmet currently unavailable)
rPois    x         Reflect  +   d - amulet of reflection
rElec    .         Harm     .   (no ring)
rCorr    .         Rampage  .   (no ring)
Will     .....                  (no ring)
Stlth    +++.......             (no ring)
HPRegen  0.17/turn              (no ring)
MPRegen  0.13/turn              (no ring)
                                (no ring)
                                (no ring)

@: spider-form, unable to read
A: venomous fangs, almost no armour, (amphibious), 8 rings, tiny, (camouflage
1), (gelatinous body 1), (nimble swimmer 1), (tentacles), (tentacle spike 1),
clumsy 1, inability to read while threatened
a: End Transformation


You were on level 5 of the Dungeon.
You were a venomous arachnid creature.
You visited 2 branches of the dungeon, and saw 6 of its levels.

You collected 163 gold pieces.

Inventory:

Jewellery
 b - a ring of fire
 d - an amulet of reflection (around neck)
Wands
 c - a wand of iceblast (8)
 k - a wand of flame (11)
Scrolls
 a - 7 scrolls of identify
 e - a scroll of silence
 j - a scroll of immolation


   Skills:
 + Level 3.3 Fighting
 * Level 5.2 Dodging
 + Level 4.4 Stealth
 + Level 5.4 Unarmed Combat
 - Level 3.0 Spellcasting
 - Level 3.0 Transmutations
 - Level 3.0 Poison Magic
 + Level 0.5 Evocations


You had 6 spell levels left.
You knew the following spells:

 Your Spells              Type           Power      Damage    Failure   Level
a - Beastly Appendage     Tmut           24%        N/A       16%         1
c - Spider Form           Tmut/Pois      6%         N/A       34%         3
A - Apportation           Tloc           4%         N/A       38%         1
S - Wereblood             Tmut           12%        N/A       22%         2

Your spell library contained the following spells:

 Spells                   Type           Power      Damage    Failure   Level
 Ice Form                 Ice/Tmut       7%         N/A       86%         4
 Alistair's Intoxication  Tmut/Pois      8%         N/A       94%         5
 Invisibility             Hex            1%         N/A       100%        6


Dungeon Overview and Level Annotations

Branches:
Dungeon (5/15)             Temple (1/1) D:5

Altars:
Fedhas
Gozag
Makhleb
Okawaru
Qazlal
Vehumet
Zin

Shops:
D:4 =*([

Annotations:
D:2 Sigmund
D:5 Menkaure


Innate Abilities, Weirdness & Mutations

You are a venomous arachnid creature.
You have poisonous fangs.
You are tiny and dextrous.
Your spellcasting is less reliable in this form.
Your armour is entirely melded.
You are incapable of wielding weapons or throwing items.
You cannot wear most types of armour.
((You are amphibious.))
You can wear up to eight rings at the same time.
((Your skin changes colour to match your surroundings (Stealth+).))
((Your rubbery body absorbs attacks. (AC +1, EV +1)))
((You are camouflaged near water. (Stealth+)))
((You have tentacles for arms and can constrict up to eight enemies at once.))
((One of your tentacles bears a spike.))
You are clumsy. (Dex -2)
You sometimes lose the ability to read scrolls when taking damage.


Message History

Menkaure shouts!
Menkaure mumbles some strange words.
Menkaure seems to speed up.
You start waiting.
Menkaure is nearby!
Casting: Spider Form (dangerous; 16% risk of failure)
Confirm with . or Enter, or press ? or * to list all spells.
Okay, then.
Okay, then.
You aren't carrying any potions.
Unknown command.
Okay, then.
Aiming: Iceblast
Press: ? - help, Shift-Dir - straight line, f - Menkaure
Aim: Menkaure (fast)
The mass of ice explodes!
The iceblast engulfs Menkaure!
Menkaure partially resists.
Menkaure is moderately damaged.
Unknown command.
Casting: Spider Form (dangerous; 16% risk of failure)
Confirm with . or Enter, or press ? or * to list all spells.
You turn into a venomous arachnid creature.
You block Menkaure's attack.
Menkaure calls on the powers of darkness!
Your body is wracked with pain!
You barely miss Menkaure.
Menkaure is moderately damaged.
Menkaure calls on the powers of darkness!
Your body is wracked with pain!
You feel threatened and lose the ability to read scrolls!
* * * LOW HITPOINT WARNING * * *
You hit Menkaure.
Menkaure is heavily damaged.
Menkaure calls on the powers of darkness!
Your body is wracked with pain!
* * * LOW HITPOINT WARNING * * *
You bite Menkaure!
Menkaure is almost destroyed.
Menkaure hits you!
You die...

#.#.#..####'####..............
#.#.#.....#.###>..............
#.#....#..#.....(.............
#.######.######.......).<.....
#.#....#......................
#.#.###########...............
#.#...........................
#.#########..M#...............
#.........#..s#...............
#..######'#...#...............
#..# #.......#...............
#..# #.......#........ #..#
#.....###......M. #..# #.....#
#........ #..# #.....#
#........ #..# #.....#
#........ #..# #.....#
#........


You could see Menkaure (fast).

Vanquished Creatures
  A yak (D:4)
  A necrophage (D:5)
  An ogre (D:4)
  A phantom (D:4)
  A jelly (D:5)
  A scorpion (D:5)
  A water moccasin skeleton (D:4)
  A howler monkey (D:3)
  2 hounds
  A bullfrog skeleton (D:5)
  2 orc priests (D:4)
  Jessica (D:2)
  3 iguanas (D:4)
  Robin (D:3)
  4 adders
  2 ufetubi (D:4)
  2 adder skeletons (D:4)
  4 worms
  A dart slug (D:1)
  10 orcs
  9 ball pythons
  5 endoplasms
  A giant cockroach (D:1)
  12 goblins
  6 hobgoblins
  7 jackals
  5 quokkas
  9 bats
  3 frilled lizards
  3 kobolds
  2 rats (D:1)
103 creatures vanquished.

Vanquished Creatures (others)
  2 plants (D:3)
2 creatures vanquished.

Grand Total: 105 creatures vanquished

Notes
Turn   | Place    | Note
-------+----------+-------------------------------------------
     0 | D:1      | tanglemaster the Octopode Transmuter began the quest for
                  | the Orb.
     0 | D:1      | Reached XP level 1. HP: 13/13 MP: 3/3
    69 | D:1      | Reached XP level 2. HP: 6/18 MP: 3/5
  1174 | D:1      | Reached XP level 3. HP: 23/23 MP: 4/6
  1509 | D:1      | Learned a level 3 spell: Spider Form
  1796 | D:2      | Found a glowing silver altar of Zin.
  1939 | D:2      | Noticed Sigmund
  1997 | D:2      | Reached skill level 1 in Poison Magic
  2152 | D:2      | Learned a level 2 spell: Wereblood
  2297 | D:2      | Found a faded altar of an unknown god.
  2305 | D:2      | Noticed Jessica
  2315 | D:2      | Killed Jessica
  2316 | D:2      | Reached XP level 4. HP: 19/28 MP: 5/7
  2644 | D:3      | You fall into a shaft and drop 1 floor!
  2654 | D:4      | Reached XP level 5. HP: 26/33 MP: 2/8
  2764 | D:3      | Noticed Robin
  2780 | D:3      | Killed Robin
  3059 | D:3      | Reached skill level 1 in Stealth
  3067 | D:3      | Gained mutation: You sometimes lose the ability to read
                  | scrolls when taking damage. [potion of mutation]
  3067 | D:3      | Gained mutation: You are clumsy. (Dex -2) [potion of
                  | mutation]
  3067 | D:3      | Gained mutation: One of your tentacles bears a spike.
                  | [potion of mutation]
  3132 | D:3      | Found a glowing silver altar of Zin.
  3752 | D:4      | Found Ycaijer's Antique Armour Shop.
  3774 | D:4      | Learned a level 1 spell: Apportation
  4029 | D:4      | Found an iron altar of Okawaru.
  4160 | D:4      | Reached XP level 6. HP: 38/38 MP: 5/9
  4322 | D:4      | Found Jovamema's Weapon Shoppe.
  4400 | D:4      | Found Qulog's Jewellery Emporium.
  4539 | D:4      | Found Maosu's General Store.
  5660 | D:4      | Reached XP level 7. HP: 31/45 MP: 11/11
  5821 | D:4      | Noticed a yak
  5881 | D:4      | HP: 1/45 [yak (6)]
  6181 | D:4      | Killed a yak
  6396 | D:4      | Reached skill level 5 in Unarmed Combat
  6785 | D:5      | Entered Level 5 of the Dungeon
  6808 | D:5      | Reached XP level 8. HP: 52/52 MP: 6/12
  6811 | D:5      | Reached skill level 5 in Dodging
  6896 | D:5      | Found a staircase to the Ecumenical Temple.
  7192 | Temple   | Entered the Ecumenical Temple
  7307 | D:5      | Noticed Menkaure
  7321 | D:5      | Slain by Menkaure

Illustrated notes

Levels and vault maps discovered:
D:1:      evilmike_arrival_rings, layout_basic, minmay_misc_feat_tiny
D:2:      layout_rooms, hellmonk_ecumenical_altar_lost_god, basic_altar,
          kennysheep_donut, uniq_sigmund, uniq_jessica
D:3:      layout_loops_ring, mainiacjoe_overflow_cross_hatched, serial_glass,
          glass_columns_b, glass_columns_b, minmay_strange_pillars,
          kennysheep_generic_room_8, uniq_robin
D:4:      cheibrodos_barr_body, layout_gridville, overflow_temple_1_default,
          serial_shops, shop_fountains, nicolae_inconvenience_store,
          nicolae_shop_behind_doors, nicolae_shop_temple_entry_statues_fountains
D:5:      layout_basic, mainiacjoe_overflow_tiny_flanked,
          mainiacjoe_overflow_24_doors, temple_green, uniq_menkaure, uniq_ijyb
Temple:   cyrus_circular_temple

Skill      XL: |  1  2  3  4  5  6  7  8 |
---------------+-------------------------+-----
Unarmed Combat | 4 5 |  5.4
Poison Magic   | 2 3 |  3.0
Stealth        | 1 2 4 |  4.4
Transmutations | 3 |  3.0
Dodging        | 3 4 5 |  5.2
Fighting       | 2 3 |  3.3
Spellcasting   | 3 |  3.0
Evocations     | |  0.5

Action                   |  1- 3 |  4- 6 |  7- 9 || total
-------------------------+-------+-------+-------++-------
Melee: Unarmed           |    86 |   146 |    79 ||   311
       Constrict         |    25 |    14 |     5 ||    44
       Tentacles         |     6 |    11 |     5 ||    22
       Kick              |    10 |     6 |     6 ||    22
       Punch             |     3 |     2 |     2 ||     7
 Cast: Beastly Appendage |     8 |       |       ||     8
       Spider Form       |       |    12 |     8 ||    20
Evoke: Wand              |       |       |     8 ||     8
  Use: Potion            |       |     4 |     5 ||     9
       Scroll            |       |     6 |     1 ||     7
 Stab: Sleeping          |     5 |     3 |       ||     8
Armor: Skin              |    14 |     9 |    11 ||    34
Dodge: Dodged            |    54 |    96 |    55 ||   205
Block: Other             |       |     4 |    23 ||    27
